Map: Arctic Dream LE

Players

Laemso - Winner!

  • Race: Zerg Zerg
  • Spawn Location: 12:00

Denver - Winner!

  • Race: Zerg Zerg
  • League: Grandmaster
  • Spawn Location: 11:00

Massa

  • Race: Terran Terran
  • League: Platinum
  • Spawn Location: 5:00

qqq

  • Race: Zerg Zerg
  • Spawn Location: 6:00

VOD

https://youtu.be/0LH30i1NzbI

Description

Time

  • Played on: Feb. 19, 2021, 10:18 a.m.
  • Length: 17:17
Show
View Real Time Build Order
Export as new Build Order

Laemso Zerg - Winner!

Build Orders: Hatch First 

Get SALT Encoding   

  12  0:01  Drone  
  13  0:13  Overlord  
  13  0:24  Drone  
  14  0:32  Drone x2  
  16  0:51  Hatchery  
  16  0:54  Drone  
  16  0:57  Drone  
  17  1:16  Spawning Pool  
  17  1:17  Drone  
  17  1:22  Drone  
  17  1:25  Overlord  
  18  1:31  Extractor  
  17  1:38  Drone  
  18  1:44  Drone  
  18  1:45  Evolution Chamber  
  18  1:58  Drone  
  19  2:03  Queen  
  19  2:06  Drone  
  22  2:12  Queen  
  24  2:23  Drone  
  24  2:29  Extractor  
  24  2:34  Drone x3  
  27  2:52  Zerg Melee Weapons Level 1  
  27  2:54  Drone  
  27  2:55  Drone x2  
  30  3:10  Roach Warren  
  29  3:16  Zergling x4  
  29  3:17  Zergling x4  
  33  3:34  Metabolic Boost  
  33  4:01  Roach  
  25  4:18  Zergling x6  
  16  4:26  Zergling x2  
  1  4:56  Zergling x6  
  4  5:03  Drone  
  5  5:11  Drone  
  5  5:40  Drone x2  
  5  5:50  Drone  
  5  5:56  Drone  
  7  6:03  Queen  
  2  6:33  Drone  
  2  6:34  Drone x2  
  5  6:53  Drone  
  6  7:08  Drone x2  
  8  7:20  Drone x2  
  8  7:21  Drone  
Show
View Real Time Build Order
Export as new Build Order

Denver Zerg - Winner!

Build Orders: Hatch First 

Get SALT Encoding   

  12  0:02  Drone  
  13  0:13  Overlord  
  13  0:17  Drone  
  14  0:32  Drone x2  
  16  0:49  Hatchery  
  15  0:51  Drone  
  15  0:56  Drone  
  17  0:58  Drone  
  18  1:10  Extractor  
  17  1:15  Spawning Pool  
  17  1:18  Drone  
  17  1:21  Drone  
  18  1:29  Drone  
  19  1:39  Drone  
  20  1:51  Overlord  
  20  2:01  Queen  
  20  2:02  Queen, Zergling x4  
  26  2:12  Metabolic Boost  
  26  2:15  Drone x2  
  28  2:25  Drone x2  
  30  2:42  Drone x2  
  32  2:44  Hatchery  
  32  2:46  Overlord  
  32  2:50  Drone  
  32  2:55  Queen  
  34  3:00  Overlord  
  34  3:04  Drone  
  35  3:09  Drone x2  
  37  3:18  Drone x3  
  39  3:23  Drone  
  39  3:25  Baneling Nest  
  39  3:26  Queen  
  40  3:28  Drone  
  40  3:30  Drone  
  40  3:32  Drone  
  40  3:33  Drone  
  44  3:45  Queen  
  46  3:49  Overlord  
  46  3:52  Zergling x2  
  47  3:57  Zergling x6  
  47  3:58  Zergling x2  
  47  4:01  Queen  
  47  4:02  Zergling x4  
  55  4:06  Zergling x2  
  56  4:11  Baneling x2  
  56  4:12  Zergling x6  
  57  4:17  Queen  
  57  4:18  Zergling x4  
  57  4:19  Zergling x2  
  62  4:24  Lair  
  62  4:30  Zergling x8  
  66  4:34  Overlord  
  66  4:45  Extractor  
  62  4:51  Overlord  
  62  4:55  Drone x5  
  62  4:56  Baneling x4  
  63  5:11  Queen  
  54  5:14  Drone x3  
  54  5:15  Drone x8  
  54  5:20  Queen  
  59  5:22  Zergling x2  
  59  5:28  Spine Crawler, Zergling x4  
  57  5:29  Spine Crawler  
  57  5:35  Zergling x2  
  59  5:38  Spine Crawler  
  59  5:41  Baneling x2  
  58  5:43  Spine Crawler  
  58  5:45  Zergling x4  
  58  5:46  Zergling x2  
  58  5:47  Extractor  
  58  5:48  Queen  
  61  5:54  Baneling x2  
  61  5:55  Baneling  
  61  6:00  Drone x3  
  61  6:01  Overlord x2  
  61  6:03  Extractor  
  63  6:08  Spire  
  63  6:09  Drone x4  
  66  6:14  Overlord  
  66  6:15  Drone  
  67  6:20  Drone x2  
  67  6:21  Drone x2  
  71  6:28  Drone x2  
  71  6:32  Extractor x2, Drone  
  72  6:33  Drone x3  
  72  6:38  Drone  
  76  6:46  Drone  
  76  6:47  Drone x2  
  72  7:01  Hatchery  
  72  7:03  Zergling x24  
  83  7:14  Overlord  
  83  7:18  Drone  
  84  7:23  Mutalisk  
  84  7:25  Mutalisk  
  84  7:26  Mutalisk x2  
  92  7:30  Baneling x6  
  92  7:32  Overlord  
  92  7:35  Mutalisk x2  
  92  7:36  Mutalisk x2  
  100  7:42  Zerg Flyer Weapons Level 1  
  100  7:45  Mutalisk x2  
  100  7:47  Overlord  
  100  7:50  Drone x4  
  106  7:57  Mutalisk  
  106  7:59  Overlord  
  106  8:02  Overlord  
  106  8:05  Extractor, Overlord  
  99  8:08  Extractor  
  99  8:11  Drone x4  
  97  8:17  Drone x2  
  97  8:18  Queen  
  101  8:20  Mutalisk x4  
  101  8:26  Evolution Chamber  
  108  8:27  Evolution Chamber  
  108  8:28  Drone  
  108  8:29  Drone x5  
  108  8:30  Spore Crawler  
  112  8:35  Mutalisk x3  
  119  8:41  Zergling x8  
  122  8:48  Overlord  
  122  8:49  Overlord  
  120  9:04  Mutalisk x5  
  126  9:13  Zergling x4  
  126  9:14  Zergling x20  
  132  9:21  Zergling x10  
  136  9:29  Mutalisk x6  
  140  9:34  Drone x2  
  140  9:39  Zerg Flyer Weapons Level 2  
  140  9:40  Drone  
  140  9:41  Drone x3  
  140  9:43  Drone x3  
  140  10:02  Mutalisk x4  
  140  10:04  Overseer  
  142  10:07  Drone  
  142  10:08  Drone x5  
  147  10:20  Zergling x24  
  152  10:26  Hatchery  
  144  10:29  Zerg Ground Armor Level 1  
  144  10:34  Drone x8  
  152  10:36  Roach Warren  
  152  10:38  Pneumatized Carapace  
  129  11:12  Mutalisk x12  
  129  11:17  Glial Reconstitution  
  153  11:20  Overlord  
  145  11:38  Infestation Pit  
  145  11:39  Zergling x2  
  147  11:40  Zergling x26  
  147  11:41  Queen  
  152  11:51  Drone  
  152  11:52  Drone x2  
  152  11:54  Spine Crawler x2  
  154  11:55  Spine Crawler  
  144  12:38  Roach x3  
  144  12:39  Roach x15  
  144  12:40  Zerg Melee Weapons Level 1  
  144  12:42  Hive  
  144  12:43  Overlord  
  144  12:44  Overlord  
  180  12:46  Zergling x4, Baneling Nest  
  180  12:50  Overlord x2  
  181  13:02  Ravager x6  
  183  13:28  Overseer x3  
  183  13:34  Baneling x11  
  183  13:35  Baneling x10, Centrifical Hooks  
  183  13:48  Zergling x2  
  183  13:49  Zergling x32  
  188  14:04  Zergling x4  
  188  14:05  Zergling x26  
  188  14:09  Ultralisk Cavern  
  190  14:17  Zerg Ground Armor Level 2  
  176  14:24  Zergling x2  
  176  14:25  Zergling x32  
  177  14:34  Zergling x6  
  174  14:43  Queen  
  173  14:49  Zergling x2  
  173  14:50  Zergling x16  
  173  14:51  Hatchery  
  181  15:06  Zergling x16  
  188  15:16  Chitinous Plating  
  188  15:19  Ultralisk x2  
  186  15:40  Overlord x2  
  181  15:43  Corruptor x5  
  181  15:44  Corruptor x2  
  181  15:48  Overlord x6  
  173  16:01  Corruptor x10  
  160  16:13  Extractor  
  160  16:14  Extractor  
  160  16:15  Ultralisk  
  160  16:16  Ultralisk x4  
  176  16:21  Overseer  
  176  16:22  Overseer x3  
  176  16:23  Zergling x2  
  176  16:24  Zergling x26  
  190  16:30  Spore Crawler  
Show
View Real Time Build Order
Export as new Build Order

Massa Terran 

Build Orders: 2 Factory, Hellion Opening 

Get SALT Encoding   

  12  0:00  SCV  
  13  0:12  SCV  
  14  0:17  Supply Depot  
  14  0:24  SCV  
  15  0:32  Refinery  
  15  0:38  SCV  
  16  0:46  Barracks  
  16  0:50  SCV  
  17  1:00  Refinery  
  17  1:02  SCV  
  18  1:15  SCV  
  19  1:27  SCV  
  20  1:34  Factory  
  20  1:40  Barracks Reactor  
  20  1:42  Supply Depot  
  20  1:44  SCV  
  21  1:58  Orbital Command  
  21  2:11  Factory  
  21  2:22  Barracks Tech Lab  
  21  2:24  Hellion  
  23  2:34  Hellion  
  25  2:45  Hellion, Supply Depot  
  27  2:55  Hellion  
  29  3:02  Infernal Pre-Igniter  
  29  3:04  Hellion  
  31  3:07  Hellion  
  33  3:13  Supply Depot  
  33  3:17  Hellion  
  35  3:25  Hellion  
  37  3:29  Hellion  
  39  3:38  Hellion  
  41  3:44  Supply Depot  
  41  3:47  Hellion  
  43  3:50  Hellion  
  45  4:13  Hellion x3  
  51  4:31  Armory  
  49  4:45  Hellion x2  
  55  4:46  Hellion  
  51  5:07  Hellion x2  
  43  5:15  Hellion  
  37  5:28  Hellion x2  
  37  5:37  Hellion  
  39  5:49  Hellion x2  
  43  5:54  Command Center  
  43  5:58  Hellion  
  45  6:11  Hellion x2  
  49  6:22  Hellion  
  49  6:23  SCV  
  52  6:32  Hellion, Engineering Bay  
  54  6:35  SCV  
  55  6:41  Supply Depot  
  55  6:42  Supply Depot  
  55  6:58  SCV  
  55  6:59  Hellion  
  46  7:12  Hellion x2  
  46  7:13  SCV  
  46  7:14  Orbital Command  
  51  7:20  Hellion  
  53  7:25  SCV  
  53  7:26  Missile Turret  
  53  7:29  Terran Infantry Weapons Level 1  
  54  7:33  Siege Tank  
  57  7:37  SCV  
  58  7:50  Hellion x2  
  62  8:06  Hellion  
  42  8:14  Widow Mine x2  
  42  8:15  Marine  
  47  8:21  Barracks  
  47  8:23  Missile Turret  
  47  8:24  Barracks  
  47  8:26  Missile Turret  
  47  8:27  SCV x2  
  49  8:33  Marine  
  50  8:35  Widow Mine  
  50  8:36  Widow Mine, Drilling Claws  
  54  8:51  Marine  
  54  8:55  Widow Mine  
  57  8:57  Widow Mine x2  
  61  9:09  Marine  
  62  9:16  Widow Mine  
  64  9:18  Widow Mine x2  
  68  9:26  SCV x2  
  68  9:30  Barracks Tech Lab  
  71  9:31  Barracks Reactor, Command Center  
  71  9:32  Barracks Reactor  
  71  9:38  SCV x2  
  71  9:41  Widow Mine x3  
  78  9:50  SCV  
  78  9:51  Terran Infantry Armor Level 1  
  79  9:55  Engineering Bay  
  79  10:02  Widow Mine  
  79  10:03  Widow Mine x2  
  85  10:11  Marine  
  85  10:12  Marine x2  
  86  10:32  Stimpack  
  86  10:38  Supply Depot  
  86  10:41  Marine x2  
  86  10:42  Marine x3  
  86  10:43  Widow Mine x3  
  93  10:59  Marine x3  
  92  11:04  Widow Mine x3  
  95  11:26  Widow Mine x3  
  101  11:44  Terran Vehicle Weapons Level 1  
  106  11:47  Widow Mine x3  
  106  11:48  Terran Infantry Armor Level 2, Terran Infantry Weapons Level 2  
  106  11:52  Marauder, Marine  
  109  12:01  Supply Depot  
  109  12:04  Supply Depot  
  109  12:07  Orbital Command  
  109  12:22  Widow Mine, SCV x2, Marine x4  
  117  12:34  SCV  
  113  12:38  Marine  
  113  12:40  Marine x4  
  118  12:53  Widow Mine x2  
  118  12:54  Widow Mine  
  118  13:15  Widow Mine x3  
  124  13:44  Widow Mine x3  
  120  13:49  Marine x5  
  120  13:55  Supply Depot x2  
  125  13:57  Supply Depot x2  
  125  13:59  Supply Depot  
  109  14:05  Widow Mine  
  109  14:06  Widow Mine  
  109  14:07  Marine x2  
  109  14:09  Marine x2  
  98  14:13  Barracks Reactor  
  98  14:14  Barracks Tech Lab  
  95  14:20  SCV x2  
  95  14:21  SCV, Supply Depot  
  95  14:22  Supply Depot  
  86  14:25  Marine  
  74  14:32  SCV  
  74  14:33  SCV  
  74  14:34  Marauder, Marine x3  
  69  14:42  Marine  
  69  14:43  Widow Mine  
  69  14:44  Widow Mine  
  69  14:52  Marine  
  55  14:53  Marine  
  55  14:56  Marauder  
  47  15:21  Barracks  
  43  15:26  Barracks  
  38  15:29  Barracks  
  38  15:31  Barracks  
  12  15:59  Orbital Command  
  8  16:25  SCV  
  7  16:37  SCV  
  8  16:49  SCV  
  8  16:51  Command Center  
  9  17:01  SCV  
  9  17:06  Supply Depot  
Show
View Real Time Build Order
Export as new Build Order

qqq Zerg 

Build Orders: Hatch First 

Get SALT Encoding   

  12  0:01  Drone  
  13  0:08  Drone  
  14  0:20  Overlord  
  14  0:43  Hatchery  
  14  0:49  Drone  
  14  0:51  Drone  
  14  0:56  Drone  
  16  1:16  Spawning Pool  
  16  1:18  Drone  
  16  1:20  Drone  
  16  1:25  Extractor  
  16  1:29  Drone  
  17  1:33  Drone  
  18  1:49  Drone  
  19  1:55  Drone  
  19  1:56  Drone  
  21  2:03  Queen  
  21  2:04  Queen  
  21  2:07  Drone  
  26  2:15  Overlord  
  26  2:17  Zergling x2  
  26  2:19  Drone  
  28  2:26  Metabolic Boost  
  28  2:34  Drone  
  28  2:35  Evolution Chamber  
  28  2:36  Drone  
  29  2:41  Overlord  
  28  2:47  Drone  
  28  2:49  Zergling x2  
  30  2:54  Zergling x2  
  31  3:01  Zergling x2  
  31  3:03  Zerg Melee Weapons Level 1  
  31  3:05  Drone  
  33  3:10  Zergling x2  
  33  3:12  Drone  
  35  3:25  Zergling x6  
  35  3:26  Overlord  
  38  3:27  Drone x2  
  38  3:33  Zergling x2  
  41  3:35  Zergling x2  
  42  3:46  Lair  
  42  3:49  Zergling x2  
  42  3:50  Zergling x2  
  44  4:05  Zergling x8  
  44  4:06  Zergling x4  
  48  4:10  Hatchery  
  48  4:14  Zergling x2  
  48  4:15  Zergling x6  
  46  4:28  Zergling x2  
  46  4:29  Zergling x6  
  50  4:34  Zergling x4  
  50  4:35  Overlord  
  51  4:44  Zergling x2  
  51  4:46  Zergling x2  
  45  5:08  Zergling x4  
  45  5:10  Zergling x6  
  45  5:13  Queen  
  38  5:21  Drone  
  36  5:27  Zergling x4  
  36  5:33  Spire  
  36  5:35  Drone  
  36  5:41  Drone x2  
  36  5:53  Drone x2  
  36  5:54  Drone x2  
  40  5:57  Extractor  
  38  6:12  Zergling x2  
  38  6:13  Drone x2, Zergling x2  
  38  6:14  Drone x2  
  44  6:20  Drone x3  
  47  6:27  Drone x4  
  47  6:31  Zergling x2  
  47  6:43  Zergling x6  
  47  6:44  Zergling x4  
  47  6:45  Zergling x2  
  49  6:55  Mutalisk  
  49  6:56  Mutalisk x2  
  55  7:03  Spine Crawler  
  55  7:05  Queen  
  55  7:07  Spine Crawler  
  57  7:08  Drone x3  
  57  7:11  Mutalisk  
  60  7:21  Drone x2  
  60  7:22  Drone  
  63  7:23  Mutalisk  
  63  7:29  Drone  
  66  7:32  Extractor  
  66  7:33  Extractor  
  63  7:38  Extractor, Drone  
  63  7:40  Extractor  
  63  7:42  Mutalisk  
  63  7:44  Zergling x4, Overlord  
  66  7:48  Overlord  
  66  7:55  Mutalisk  
  66  7:56  Zergling x2  
  65  8:12  Spore Crawler x2  
  63  8:13  Drone x5  
  63  8:14  Drone  
  63  8:18  Mutalisk  
  71  8:20  Overlord  
  71  8:31  Drone, Infestation Pit  
  71  8:32  Drone  
  72  8:34  Overlord  
  72  8:41  Spore Crawler  
  72  8:43  Spore Crawler  
  65  9:02  Mutalisk x3  
  55  9:15  Drone x2  
  57  9:23  Mutalisk  
  54  9:25  Drone  
  54  9:26  Drone  
  54  9:28  Drone  
  53  9:31  Drone  
  53  9:34  Drone  
  50  9:40  Hive  
  48  9:47  Drone x2  
  44  10:02  Drone  
  44  10:03  Drone x5  
  47  10:11  Mutalisk  
  47  10:12  Zergling x8  
  53  10:21  Zergling x6  
  53  10:22  Drone  
  53  10:24  Mutalisk  
  56  10:42  Zerg Flyer Weapons Level 1  
  56  10:44  Mutalisk x3  
  56  10:46  Mutalisk  
  64  10:51  Viper  
  66  11:09  Mutalisk x3  
  70  11:24  Viper  
  73  11:30  Hatchery  
  71  11:46  Mutalisk x2  
  72  11:53  Spore Crawler  
  71  12:01  Hatchery  
  70  12:03  Hatchery  
  47  12:21  Mutalisk x4  
  55  12:39  Mutalisk x2  
  59  12:47  Spore Crawler  
  58  12:59  Drone x2  
  58  13:00  Mutalisk x2  
  55  13:20  Mutalisk x2  
  55  13:22  Zergling x8  
  55  13:23  Drone x4  
  67  13:27  Spine Crawler  
  67  13:29  Spore Crawler  
  67  13:30  Drone x3  
  68  13:35  Drone  
  69  13:41  Spore Crawler  
  69  13:42  Spore Crawler  
  69  13:46  Viper  
  69  13:48  Mutalisk  
  70  13:49  Drone x3  
  70  13:53  Drone x2  
  77  13:57  Overlord  
  68  14:14  Viper  
  68  14:15  Mutalisk  
  73  14:18  Drone x5  
  78  14:30  Drone  
  78  14:31  Drone x2  
  80  14:33  Spine Crawler, Overlord x3  
  78  14:48  Drone x2  
  80  14:55  Mutalisk x5  
  80  14:57  Overlord  
  80  14:58  Drone  
  80  14:59  Drone  
  92  15:01  Extractor  
  92  15:03  Extractor  
  92  15:04  Extractor  
  92  15:05  Extractor  
  88  15:08  Mutalisk  
  90  15:19  Drone x6  
  96  15:35  Mutalisk x3  
  98  15:43  Mutalisk  
  98  15:44  Zergling x8  
  98  15:45  Zergling x4  
  101  16:09  Drone x4  
  101  16:10  Drone x2  
  96  16:12  Mutalisk x2  
  100  16:22  Zergling x8  
  100  16:23  Drone x2  
  104  16:44  Hatchery  
  92  17:04  Drone x2  
  92  17:05  Drone x2  
Tags
 
Add a new tag
Caveats
  • Supply blocks, unpowered buildings, or Contaminate may cause inaccurate times.
  • Supply counts are checked every 10 seconds.